 Dungeon Crawl Stone Soup version 0.17.1-3-g152610e (webtiles) character file.

152554 Kokonut the Bludgeoner (level 16, 0/223 HPs)
             Began as a Minotaur Berserker on Feb 28, 2016.
             Was the Champion of Trog.
             Succumbed to a naga ritualist's splash of poison
             ... on level 1 of the Snake Pit on Feb 29, 2016.
             The game lasted 03:20:30 (31296 turns).

Kokonut the Bludgeoner (Minotaur Berserker)        Turns: 31296, Time: 03:20:30

Health: 0/223      AC: 18    Str: 36    XL:     16   Next: 73%
Magic:  15/15      EV: 13    Int:  4    God:    Trog [******]
Gold:   2197       SH: 17    Dex: 13    Spells: 0 memorised, 15 levels left

rFire  . . .     SeeInvis .     W - +10 demon whip of Uncertain Death {elec, Str+5}
rCold  + . .     Clarity  +     i - +0 plate armour of the Pink Corner {rPois}
rNeg   . . .     SustAt   +     Z - +1 shield {rC+}
rPois  .         Gourm    .     (helmet restricted)
rElec  .         Spirit   .     (no cloak)
rCorr  .         Warding  .     d - +0 pair of gloves
rMut   .         Stasis   .     (no boots)
MR     +++..                    y - amulet of clarity
Stlth  ..........               L - ring of sustain attributes
                                X - ring of flight

@: berserking, lethally poisoned (0 -> -108), poison vulnerable, regenerating,
constricted, very quick, extremely resistant to hostile enchantments, extremely
unstealthy
A: retaliatory headbutt, horns 2
a: Berserk, Trog's Hand, Brothers in Arms, Burn Spellbooks, Renounce Religion,
Evoke Flight
}: 1/15 runes: decaying


You were on level 1 of the Snake Pit.
You worshipped Trog.
Trog was exalted by your worship.
You were not hungry.

You visited 8 branches of the dungeon, and saw 36 of its levels.
You visited the Abyss 1 time.
You visited 1 bazaar.
You also visited: Bailey.

You collected 3646 gold pieces.
You spent 1449 gold pieces at shops.

Inventory:

Hand Weapons
 b - the +9 hand crossbow of Disaster {penet, rN+ Int-3 Dex+7 SInv}
   (Trog gifted it to you on level 4 of the Orcish Mines)

   Ammo fired by it will pass through the targets it hits, potentially hitting
   all targets in its path until it reaches maximum range.
   It affects your intelligence (-3).
   It affects your dexterity (+7).
   It protects you from negative energy.
   It lets you see invisible.
 W - the +10 demon whip of Uncertain Death (weapon) {elec, Str+5}
   (Trog gifted it to you on level 7 of the Lair of Beasts)

   Occasionally, upon striking a foe, it will discharge some electrical energy
   and cause terrible harm.
   It affects your strength (+5).
Missiles
 r - 162 bolts
 D - 90 bolts of frost
 F - 31 bolts of flame
 R - 33 silver bolts
Armour
 d - a +0 pair of gloves (worn)
 i - the +0 plate armour of the Pink Corner (worn) {rPois}
   (You found it on level 10 of the Dungeon)

   It protects you from poison.
 J - the +8 chain mail of Dithmenos's Supremacy {rN+ Dex+4}
   (You found it on level 4 of the Dungeon)

   It affects your dexterity (+4).
   It protects you from negative energy.
 Z - a +1 shield of cold resistance (worn)
Jewellery
 a - an uncursed amulet of resist corrosion
 g - an uncursed amulet of regeneration
 l - the macabre finger necklace {Ward rN+}
   (You found it on level 2 of the Lair of Beasts)

   [amulet of warding]

   It may prevent the melee attacks of summoned creatures.
   It protects you from negative energy.
 p - an uncursed ring of protection from cold
 w - an uncursed ring of protection from fire
 y - an amulet of clarity (around neck)
 L - a ring of sustain attributes (right hand)
 X - a ring of flight (left hand)
Wands
 e - a wand of heal wounds (2)
 s - a wand of disintegration (16)
 E - a wand of digging (8)
 V - a wand of random effects (10)
Scrolls
 h - 2 scrolls of holy word
 j - a scroll of silence
 k - 6 scrolls of enchant armour
 m - 12 scrolls of identify
 q - 3 scrolls of fog
 u - 11 scrolls of remove curse
 v - 2 scrolls of enchant weapon
 z - 5 scrolls of fear
 B - 6 scrolls of teleportation
 G - 3 scrolls of brand weapon
 H - 4 scrolls of magic mapping
 M - 2 scrolls of blinking
 U - 3 scrolls of acquirement
 Y - 7 scrolls of recharging
Potions
 f - 6 potions of agility
 n - a potion of mutation
 o - 13 potions of curing
 t - 5 potions of heal wounds
 x - 4 potions of brilliance
 A - 4 potions of cancellation
 C - 8 potions of flight
 K - 4 potions of might
 N - a potion of invisibility
 P - 4 potions of cure mutation
 Q - a potion of berserk rage
 S - 5 potions of haste
Books
 T - a book of Battle

   Spells                             Type                      Level
   a - Infusion                       Charms                       1
   b - Shroud of Golubria             Charms/Translocation         2
   c - Song of Slaying                Charms                       2
   d - Spectral Weapon                Hexes/Charms                 3
   e - Regeneration                   Charms/Necromancy            3
   Trog disapproves of the use of such an item.
Comestibles
 c - 21 bread rations
 I - 13 royal jellies
 O - 8 meat rations


   Skills:
 + Level 15.0 Fighting
 - Level 16.0 Maces & Flails
 + Level 13.7 Crossbows
 + Level 15.3 Armour
 + Level 13.8 Dodging
 + Level 15.4 Shields


You had 15 spell levels left.
You didn't know any spells.

Dungeon Overview and Level Annotations

Branches:
Dungeon (15/15)            Temple (1/1) D:4            Lair (8/8) D:9
  Swamp (4/4) Lair:4        Snake (2/4) Lair:6        Slime (1/6) Lair:7
    Orc (4/4) D:11            Elf (1/3) Orc:3        Vaults (0/5) D:13
 Depths: D:15

Altars:
Ashenzari
Dithmenos
Fedhas
Makhleb
Qazlal
Ru
Trog
Vehumet
Yredelemnul
Zin
Beogh
Jiyva

Shops:
D:4 }   D:5 *   D:6 ?   D:11 =   Orc:1 %   Orc:2 (   Orc:4 [*(=   Snake:1 *

Portals:
Trove: D:12 (give 17 potions of curing)

Annotations:
D:4 exclusion: downstairs
D:10 exclusion: orange crystal statue
Lair:6 exclusion: 2 oklob plants


Innate Abilities, Weirdness & Mutations

You reflexively headbutt those who attack you in melee.
You have a pair of horns on your head.


Message History

The anaconda barely misses you. You furiously retaliate!
You headbutt the anaconda!! The anaconda constricts you.
Unknown command.
You thrash the naga ritualist!!
You kill the naga ritualist!
Trog accepts your kill.
Trog appreciates your killing of a magic user.
* * * LOW HITPOINT WARNING * * *
You feel very sick. You block the black mamba's attack.
You whack the black mamba!
You feel the power of Trog in you as your rage grows.
You kill the black mamba!
Trog accepts your kill.
* * * LOW HITPOINT WARNING * * *
You feel very sick. You block the anaconda's attack.
The anaconda constricts you.
You punish the anaconda, causing immense pain!!!
The anaconda is almost dead.
You die...

...## #.#...#.#
....###.#####.###
.#...............
................
.#......†...#####
#..............#.
#.......).####.....
#.......).#...#####
#.....#..@C....∩.
...##.##.†)S......
.........$..###...
###.##..... .. ..
##...## . ###.. ..
..#


You could see an anaconda and a friendly hill giant (berserk).

Vanquished Creatures
  A tentacled monstrosity (Swamp:1)
  3 thorn hunters
  An orc warlord (Orc:4)
  A salamander stormcaller (D:14)
  Snorg (D:13)
  A fire dragon (D:14)
  The ghost of Miyamura the Blocker, a journeyman FoFi of Cheibriados (Orc:4)
  19 hydras
  2 naga warriors
  2 ghost crabs
  An anaconda (Snake:1)
  2 centaur warriors
  8 alligators
  A tengu warrior (D:13)
  5 orc high priests (Orc:4)
  A naga sharpshooter (Snake:1)
  Urug (Orc:2)
  6 death yaks
  A shock serpent (Snake:1)
  11 spriggans
  The ghost of bollicks1999 the Blocker, a novice MiFi of the Shining One (Bailey)
  An iron troll (D:13)
  2 unseen horrors
  2 wizards
  3 spriggan druids
  A shadow wraith (D:13)
  A naga ritualist (Snake:1)
  4 orc knights
  6 swamp dragons (Swamp:4)
  2 shambling mangroves
  An orb spider (shapeshifter) (D:13)
  Pikel (D:4)
  7 hill giants
  A mana viper (Snake:1)
  3 orc sorcerers (Orc:4)
  17 ugly things
  3 hornets
  3 griffons
  3 cyclopes
  A manticore (D:14)
  2 naga magi
  2 centaur zombies
  9 elephants (Lair:7)
  Maurice (D:9)
  6 black mambas
  A torpor snail (Lair:7)
  4 centaur skeletons
  9 spiny frogs
  A freezing wraith (D:14)
  5 komodo dragons
  A tengu conjurer (D:13)
  A queen bee (D:14)
  5 giant leeches
  3 trolls
  A merfolk (D:12)
  13 slime creatures
  Edmund (D:4)
  8 bog bodies
  25 blink frogs
  2 wyverns
  2 shadows
  2 deep elf magi (D:14)
  2 trapdoor spiders (D:14)
  A wraith (D:6)
  A hungry ghost (D:10)
  5 hippogriffs
  42 yaks
  3 steam dragons
  3 basilisks
  21 vampire mosquitoes
  10 wolves
  22 swamp worms
  11 insubstantial wisps
  4 wargs
  52 orc warriors
  Duvessa (D:5)
  5 nagas
  10 porcupines
  3 ice beasts
  2 sky beasts
  An eye of draining (D:9)
  A black bear (Lair:2)
  5 water moccasins
  2 necrophages (D:10)
  13 ogres
  A phantom (D:11)
  9 swamp drakes
  17 wasps
  2 big kobolds
  26 centaurs
  12 crocodiles
  4 gnoll sergeants
  Dowan (D:5)
  31 giant frogs
  2 wyvern skeletons
  7 scorpions
  46 killer bees
  2 electric eels
  3 quasits
  3 crimson imps
  A wasp zombie (D:7)
  2 giant frog zombies
  2 hounds
  5 jellies
  35 orc priests
  49 orc wizards
  2 giant frog skeletons
  8 iguanas
  14 worker ants
  18 sheep
  A killer bee zombie (D:9)
  2 hound zombies (D:7)
  A hound skeleton (D:11)
  2 worker ant zombies
  16 adders
  20 gnolls
  48 river rats
  4 shadow imps
  5 oozes
  2 adder zombies
  2 worms (D:2)
  8 giant geckos
  230 orcs
  5 giant cockroaches
  9 goblins
  4 hobgoblins
  16 kobolds
  7 quokkas
  A ball python (D:2)
  5 bats (D:1)
  2 giant gecko skeletons (D:5)
  9 giant newts
  11 jackals
  A jackal skeleton (D:6)
  6 rats
  2 briar patches
  3 fire vortices (D:14)
1180 creatures vanquished.

Vanquished Creatures (collateral kills)
  An Executioner (Abyss:1)
  2 hydras (Swamp:4)
  A black mamba (Snake:1)
  An ancient zyme (Abyss:1)
  A neqoxec (Abyss:1)
6 creatures vanquished.

Vanquished Creatures (others)
  A centaur warrior (D:13)
  A slave (D:4)
  A centaur (D:14)
  3 fungi
  4 plants
10 creatures vanquished.

Grand Total: 1196 creatures vanquished

Notes
Turn   | Place    | Note
--------------------------------------------------------------
     0 | D:1      | Kokonut the Minotaur Berserker began the quest for the Orb.
     0 | D:1      | Reached XP level 1. HP: 19/19 MP: 0/0
    58 | D:1      | Reached skill level 4 in Maces & Flails
   244 | D:1      | Reached XP level 2. HP: 24/26 MP: 1/1
   410 | D:1      | Reached ** piety under Trog
   451 | D:1      | Reached skill level 5 in Maces & Flails
   468 | D:1      | Reached XP level 3. HP: 23/31 MP: 2/2
  1117 | D:2      | Reached XP level 4. HP: 33/39 MP: 3/3
  1121 | D:2      | Reached skill level 6 in Maces & Flails
  1311 | D:3      | Found a radiant altar of Vehumet.
  1869 | D:4      | Found a staircase to the Ecumenical Temple.
  1888 | D:4      | Reached skill level 7 in Maces & Flails
  1888 | D:4      | Reached XP level 5. HP: 31/45 MP: 4/4
  1895 | Temple   | Entered the Ecumenical Temple
  1960 | D:5      | Entered Level 5 of the Dungeon
  1969 | D:5      | Reached *** piety under Trog
  2091 | D:4      | Found Hipsuthrosa's Gadget Shop.
  2135 | D:4      | Noticed a slave
  2137 | D:4      | Noticed a slave
  2138 | D:4      | Noticed Pikel
  2142 | D:4      | Reached skill level 8 in Maces & Flails
  2143 | D:4      | Noticed a slave
  2145 | D:4      | Noticed a slave
  2146 | D:4      | Killed Pikel
  2146 | D:4      | Reached skill level 10 in Maces & Flails
  2146 | D:4      | Reached XP level 6. HP: 51/51 MP: 5/5
  2146 | D:4      | Reached XP level 7. HP: 57/57 MP: 6/6
  2179 | D:5      | Noticed Dowan
  2180 | D:5      | Noticed Duvessa
  2191 | D:4      | Killed a freed slave
  2196 | D:4      | Found a stormy altar of Qazlal.
  2229 | D:4      | Noticed Edmund
  2241 | D:4      | Killed Edmund
  2310 | D:4      | Got a distressingly furry chain mail
  2321 | D:4      | Identified the +8 chain mail of Dithmenos's Supremacy {rN+ Dex+4} (You found it on level 4 of the Dungeon)
  2557 | D:5      | Killed Duvessa
  2560 | D:5      | Killed Dowan
  2561 | D:5      | Reached skill level 11 in Maces & Flails
  2617 | D:5      | Reached XP level 8. HP: 66/66 MP: 7/7
  2639 | D:5      | Received a gift from Trog
  2686 | D:5      | Noticed an ogre
  2941 | D:5      | Killed an ogre
  2963 | D:5      | Noticed an ice beast
  2972 | D:5      | Killed an ice beast
  3154 | D:5      | Noticed a sky beast
  3165 | D:5      | Killed a sky beast
  3186 | D:5      | Noticed an ogre
  3195 | D:5      | Killed an ogre
  3195 | D:5      | Reached skill level 5 in Fighting
  3284 | D:5      | Found Ihop's Assorted Antiques.
  3287 | D:5      | Bought a hand crossbow for 87 gold pieces
  3365 | D:5      | Noticed a centaur
  3379 | D:5      | Killed a centaur
  3379 | D:5      | Reached skill level 1 in Crossbows
  3453 | D:5      | Noticed an ogre
  3458 | D:5      | Killed an ogre
  3465 | D:6      | Found Lulorox's Magic Scroll Emporium.
  3471 | D:6      | Bought a scroll of identify for 24 gold pieces
  3471 | D:6      | Bought a scroll of remove curse for 36 gold pieces
  3717 | D:6      | Reached skill level 5 in Armour
  3717 | D:6      | Reached XP level 9. HP: 74/74 MP: 8/8
  3758 | D:6      | Reached skill level 12 in Maces & Flails
  3930 | D:6      | Reached **** piety under Trog
  4084 | D:6      | Found a glowing silver altar of Zin.
  4084 | D:6      | Noticed an angel
  4127 | D:6      | Reached skill level 5 in Dodging
  4392 | D:6      | Noticed a cyclops
  4407 | D:6      | Killed a cyclops
  4525 | D:6      | Noticed a hill giant
  4544 | D:6      | Reached skill level 13 in Maces & Flails
  4575 | D:6      | Reached XP level 10. HP: 48/84 MP: 9/9
  4714 | D:6      | Killed a hill giant
  4930 | D:8      | Found a flagged portal.
  4954 | Bailey   | Entered a bailey
  5048 | Bailey   | Reached ***** piety under Trog
  5465 | Bailey   | Noticed bollicks1999's ghost (novice MiFi)
  5608 | Bailey   | Killed bollicks1999's ghost
  5670 | Bailey   | Reached skill level 5 in Crossbows
  5686 | Bailey   | Received a gift from Trog
  6002 | Bailey   | Reached skill level 14 in Maces & Flails
  7142 | D:8      | Found a shattered altar of Ashenzari.
  7155 | D:8      | Found a burning altar of Makhleb.
  7155 | D:8      | Found a shadowy altar of Dithmenos.
  7156 | D:8      | Found a bloodstained altar of Trog.
  7169 | D:8      | Received a gift from Trog
  7460 | D:8      | Reached XP level 11. HP: 94/94 MP: 10/10
  7645 | D:10     | Entered Level 10 of the Dungeon
  7650 | D:10     | Reached skill level 1 in Shields
  7711 | D:9      | Found a blossoming altar of Fedhas.
  7716 | D:10     | Noticed a hill giant
  8078 | D:9      | Found a staircase to the Lair.
  8078 | D:9      | Noticed Maurice
  8090 | D:9      | Killed Maurice
  8124 | D:9      | Found a sacrificial altar of Ru.
  8345 | Lair:1   | Entered Level 1 of the Lair of Beasts
  8872 | Lair:1   | Reached skill level 5 in Shields
  9219 | Lair:2   | Received a gift from Trog
  9715 | Lair:2   | Noticed an eight-headed hydra
  9725 | Lair:2   | Killed an eight-headed hydra
  9756 | Lair:2   | Reached XP level 12. HP: 39/106 MP: 11/11
 10230 | Lair:2   | Reached skill level 10 in Fighting
 10938 | Lair:3   | Reached skill level 10 in Armour
 11819 | Lair:4   | Received a gift from Trog
 11924 | Lair:4   | Noticed a six-headed hydra
 11936 | Lair:4   | Killed a six-headed hydra
 12386 | D:5      | Bought 2 scrolls of identify for 100 gold pieces
 12386 | D:5      | Bought a scroll of identify for 50 gold pieces
 12386 | D:5      | Bought an embroidered cloak for 112 gold pieces
 12452 | D:6      | Bought a scroll of identify for 24 gold pieces
 12452 | D:6      | Bought a scroll of magic mapping for 42 gold pieces
 12454 | D:6      | Identified 2 scrolls of acquirement
 12532 | D:4      | Bought a wand of heal wounds (2) for 360 gold pieces
 12967 | Lair:4   | Reached skill level 10 in Shields
 13705 | Lair:4   | Reached skill level 10 in Dodging
 14445 | Lair:5   | Received a gift from Trog
 14613 | Lair:5   | Got a translucent halberd
 14619 | Lair:5   | Identified the +6 halberd of Purpose {drain, rF+} (You found it on level 5 of the Lair of Beasts)
 14720 | Lair:5   | Reached XP level 13. HP: 114/116 MP: 12/12
 14952 | Lair:5   | Received a gift from Trog
 15660 | Lair:6   | Noticed a naga warrior
 15675 | Lair:6   | Reached skill level 10 in Crossbows
 15693 | Lair:6   | Found a staircase to the Snake Pit.
 15726 | Lair:6   | Killed a naga warrior
 15946 | Snake:1  | Entered Level 1 of the Snake Pit
 16071 | Lair:6   | Received a gift from Trog
 16119 | Lair:8   | Entered Level 8 of the Lair of Beasts
 16815 | Lair:7   | Found a runed door.
 16815 | Lair:7   | Found a viscous altar of Jiyva.
 16819 | Lair:7   | Found a staircase to the Slime Pits.
 16827 | Lair:7   | Received a gift from Trog
 16828 | Lair:7   | Got a warped demon whip {god gift}
 16829 | Lair:7   | Identified the +10 demon whip of Uncertain Death {elec, Str+5} (Trog gifted it to you on level 7 of the Lair of Beasts)
 16835 | Slime:1  | Entered Level 1 of the Pits of Slime
 17469 | Lair:4   | Found a staircase to the Swamp.
 17482 | Swamp:1  | Entered Level 1 of the Swamp
 17863 | D:10     | Noticed an orange crystal statue
 17899 | D:10     | Killed a hill giant
 18526 | D:10     | Got a spiked plate armour
 18537 | D:10     | Identified the cursed +0 plate armour of the Pink Corner {rPois} (You found it on level 10 of the Dungeon)
 18699 | D:11     | Found Laar's Jewellery Emporium.
 18771 | D:11     | Found a basalt altar of Yredelemnul.
 18801 | D:11     | Received a gift from Trog
 19070 | D:13     | Found a flickering gateway to a bazaar.
 19079 | Bazaar   | Entered a bazaar
 19079 | Bazaar   | Found Taliv's Antique Armour Boutique.
 19079 | Bazaar   | Found Leuhiky's Magic Scroll Shoppe.
 19079 | Bazaar   | Found Matwin's Book Shop.
 19081 | Bazaar   | Found Ytiwyu Tuse's Gadget Emporium.
 19129 | Bazaar   | Bought a shiny shield for 103 gold pieces
 19138 | Bazaar   | Bought a scroll of blinking for 105 gold pieces
 19138 | Bazaar   | Bought a scroll of brand weapon for 280 gold pieces
 19138 | Bazaar   | Bought a scroll of identify for 28 gold pieces
 19138 | Bazaar   | Bought a scroll of identify for 28 gold pieces
 19138 | Bazaar   | Bought a scroll of identify for 28 gold pieces
 19154 | Bazaar   | Bought a scroll of teleportation for 42 gold pieces
 19314 | D:13     | Received a gift from Trog
 19314 | D:13     | Reached XP level 14. HP: 113/126 MP: 13/13
 19344 | D:13     | Found a gate to the Vaults.
 19678 | D:12     | Reached skill level 15 in Maces & Flails
 19740 | D:12     | Found a portal to a secret trove of treasure.
 20722 | D:13     | Noticed Snorg
 20734 | D:13     | Killed Snorg
 21129 | D:14     | Received a gift from Trog
 21208 | D:15     | Entered Level 15 of the Dungeon
 21296 | D:14     | Reached ****** piety under Trog
 21517 | D:14     | Received a gift from Trog
 22039 | D:14     | Received a gift from Trog
 22295 | D:11     | Found a staircase to the Orcish Mines.
 22313 | Orc:1    | Entered Level 1 of the Orcish Mines
 22652 | Orc:1    | Received a gift from Trog
 22731 | Orc:1    | Found Peopruq's Food Emporium.
 22911 | Orc:4    | Entered Level 4 of the Orcish Mines
 22917 | Orc:3    | Found a staircase to the Elven Halls.
 22917 | Orc:3    | Found a runed door.
 22937 | Elf:1    | Entered Level 1 of the Elven Halls
 23145 | Orc:3    | Found Vimel Koq's Assorted Antiques.
 23197 | Orc:3    | Found Onlopus's Antique Armour Emporium.
 23206 | Orc:3    | Received a gift from Trog
 23250 | Orc:2    | Received a gift from Trog
 23297 | Orc:2    | Found Yggomn's Antique Weapon Shop.
 23399 | Orc:2    | Noticed Urug
 23408 | Orc:2    | Killed Urug
 23735 | Orc:3    | Received a gift from Trog
 23823 | Orc:3    | Found a roughly hewn altar of Beogh.
 23940 | Orc:4    | Reached XP level 15. HP: 85/135 MP: 14/14
 23954 | Orc:4    | Noticed an orc warlord
 24187 | Orc:4    | Killed an orc warlord
 24589 | Orc:4    | Noticed Miyamura's ghost (journeyman FoFi)
 24605 | Orc:4    | Killed Miyamura's ghost
 24618 | Orc:3    | Received a gift from Trog
 24714 | Orc:4    | Received a gift from Trog
 24925 | Orc:4    | Received a gift from Trog
 25225 | Orc:4    | Received a gift from Trog
 25300 | Orc:4    | Received a gift from Trog
 25301 | Orc:4    | Got a smoking hand crossbow {god gift}
 25306 | Orc:4    | Identified the +9 hand crossbow of Disaster {penet, rN+ Int-3 Dex+7 SInv} (Trog gifted it to you on level 4 of the Orcish Mines)
 25393 | Orc:4    | Found Yrupros's Antique Armour Shop.
 25393 | Orc:4    | Found Zoiras's Antique Weapon Shop.
 25395 | Orc:4    | Found Liamae's General Store.
 25395 | Orc:4    | Found Hadathac's Jewellery Boutique.
 25986 | Swamp:1  | Noticed a thorn hunter
 26000 | Swamp:1  | Killed a thorn hunter
 26500 | Swamp:1  | Reached skill level 16 in Maces & Flails
 26516 | Swamp:1  | Noticed a tentacled monstrosity
 26528 | Swamp:1  | Killed a tentacled monstrosity
 27184 | Swamp:3  | Noticed a thorn hunter
 27191 | Swamp:3  | Killed a thorn hunter
 27227 | Swamp:2  | Noticed a thorn hunter
 27258 | Swamp:2  | Killed a thorn hunter
 27717 | Swamp:2  | You fall through a shaft!
 28220 | Swamp:2  | Received a gift from Trog
 28513 | Swamp:4  | Entered Level 4 of the Swamp
 28546 | Swamp:3  | Reached XP level 16. HP: 146/146 MP: 15/15
 28600 | Swamp:3  | Cast into the Abyss (a Zot trap)
 28614 | Abyss:1  | Noticed an Executioner
 28626 | Abyss:1  | Killed an Executioner
 28660 | Swamp:3  | Escaped the Abyss
 28967 | Swamp:3  | Got a shimmering robe
 28978 | Swamp:3  | Identified the +1 robe of Viliwk {+Inv rN+} (You found it on level 3 of the Swamp)
 29362 | Swamp:4  | Received a gift from Trog
 29850 | Swamp:4  | Reached skill level 15 in Armour
 29880 | Swamp:4  | Reached skill level 15 in Shields
 30108 | Swamp:4  | Got a decaying rune of Zot
 30761 | Lair:6   | Received a gift from Trog
 31040 | Snake:2  | Reached skill level 15 in Fighting
 31280 | Snake:1  | Found Odankywo's General Store.
 31293 | Snake:1  | HP: 9/223 [poisoned by a naga ritualist (splash of poison)]
 31295 | Snake:1  | HP: 3/223 [poisoned by a naga ritualist (splash of poison)]
 31296 | Snake:1  | Succumbed to a naga ritualist's splash of poison

Action                   |  1- 3 |  4- 6 |  7- 9 | 10-12 | 13-15 | 16-18 || total
-------------------------+-------+-------+-------+-------+-------+-------++-------
Melee: Mace              |    96 |    46 |       |       |       |       ||   142
       Flail             |       |       |   222 |   372 |       |       ||   594
       Whip              |       |       |     3 |       |       |       ||     3
       Morningstar       |       |       |       |   592 |   192 |       ||   784
       Demon whip        |       |       |       |       |  1383 |   331 ||  1714
 Fire: Hand crossbow     |       |       |       |    64 |    12 |       ||    76
Invok: Berserk           |       |     3 |     7 |     6 |     4 |     1 ||    21
       Trog's Hand       |       |     1 |     2 |       |       |     1 ||     4
       Burn Spellbooks   |       |       |       |     1 |     5 |       ||     6
       Brothers in Arms  |       |       |       |       |       |     3 ||     3
 Abil: Evoke Flight      |       |       |       |       |     3 |       ||     3
       Stop Flying       |       |       |       |       |     2 |       ||     2
Evoke: Wand              |       |       |       |       |     2 |       ||     2
  Use: Scroll            |       |       |     1 |    18 |    14 |       ||    33
       Potion            |       |       |       |       |       |     1 ||     1
 Stab: Distracted        |       |       |       |       |     1 |       ||     1
  Eat: Chunk             |     1 |     2 |     8 |    31 |    19 |     2 ||    63
       Fruit             |       |     1 |       |     3 |    10 |       ||    14
       Bread ration      |       |     1 |       |       |       |       ||     1
       Meat ration       |       |       |     1 |       |     4 |     2 ||     7
       Beef jerky        |       |       |     1 |     2 |     2 |       ||     5
       Pizza             |       |       |       |     1 |     1 |       ||     2
